 Dungeon Crawl Stone Soup version 0.29-a0-284-gf9362112df (webtiles) character file.

Game seed: 17802075018193742645

149 gzilladon the Chopper (level 5, 0/47 HPs)
             Began as a Hill Orc Fighter on Mar 24, 2022.
             Succumbed to a crimson imp's poison
             ... on level 3 of the Dungeon.
             The game lasted 00:09:14 (1859 turns).

gzilladon the Chopper (Hill Orc Fighter)            Turns: 1859, Time: 00:09:15

Health: 0/47       AC:  7    Str: 21    XL:     5   Next: 31%
Magic:  5/5        EV: 14    Int:  8    God:
Gold:   121        SH:  4    Dex: 12    Spells: 4/4 levels left

rFire   . . .      SeeInvis .   a - +1 war axe
rCold   . . .      Faith    .   c - +0 buckler
rNeg    . . .      Spirit   .   b - +0 scale mail
rPois   .          Reflect  .   (helmet restricted)
rElec   .          Harm     .   (no cloak)
rCorr   .          Rampage  .   (no gloves)
Will    .....                   (no boots)
Stlth   ..........              (no amulet)
HPRegen 0.15/turn               (no ring)
MPRegen 0.09/turn               (no ring)

@: mighty, agile, lethally poisoned (0 -> -1), about to teleport
A: horns 1, agile 1, wild magic 1
a: no special abilities


You were on level 3 of the Dungeon.
You visited 1 branch of the dungeon, and saw 3 of its levels.

You collected 121 gold pieces.

Inventory:

Hand Weapons
 a - a +1 war axe (weapon)
Missiles
 e - 42 stones (quivered)
Armour
 b - a +0 scale mail (worn)
 c - a +0 buckler (worn)
Scrolls
 g - 2 scrolls of teleportation
 h - 3 scrolls of immolation
 i - a scroll of summoning {unknown}
 j - a scroll of identify {unknown}
 k - a scroll of fear {unknown}


   Skills:
 + Level 4.3 Fighting
 + Level 4.8 Axes
 + Level 4.3 Armour
 + Level 0.6 Dodging
 + Level 0.1 Stealth
 + Level 3.8 Shields


You had 4 spell levels left.
You didn't know any spells.
Your spell library contained the following spells:

 Spells                   Type           Power      Damage    Failure   Level
 Slow                     Hex            0%         N/A       88%         1
 Confusing Touch          Hex            0%         N/A       99%         3
 Vampiric Draining        Necr           0%         2d6       99%         3


Dungeon Overview and Level Annotations

Branches:
Dungeon (3/15)

Altars:
Makhleb
Sif Muna
Xom


Innate Abilities, Weirdness & Mutations

You have a pair of small horns on your head.
You are agile. (Dex +2)
Your spells are a little harder to cast, but a little more powerful.


Message History

The crimson imp hits you with a +0 dagger of chaos.
You are poisoned.
You barely miss the crimson imp. You headbutt the crimson imp.
The crimson imp is moderately wounded.
* * * LOW HITPOINT WARNING * * *
You feel very sick.
The crimson imp hits you with a +0 dagger of chaos.
* * * LOW HITPOINT WARNING * * *
The crimson imp freezes you.
* * * LOW HITPOINT WARNING * * *
You miss the crimson imp.
The crimson imp is lightly wounded.
* * * LOW HITPOINT WARNING * * *
You feel sick. The crimson imp barely misses you.
The crimson imp hits you but does no damage.
You feel mightier all of a sudden.
You slice the crimson imp!!
You kill the crimson imp!
* * * LOW HITPOINT WARNING * * *
You feel sick.
Your life force feels restored.
You have reached level 5!
You feel stronger.
* * * LOW HITPOINT WARNING * * *
You feel sick.
* * * LOW HITPOINT WARNING * * *
You feel sick.
As you read the scroll labelled BUCILI CASIURGH, it crumbles to dust.
It is a scroll of enchant weapon.
Your +0 war axe glows red for a moment.
* * * LOW HITPOINT WARNING * * *
You feel sick.
As you read the scroll labelled TAACVANG MYLU, it crumbles to dust.
You feel strangely unstable.
It was a scroll of teleportation.
* * * LOW HITPOINT WARNING * * *
You feel sick.
As you read the scroll labelled CIN UCO OTE, it crumbles to dust.
The air around you briefly surges with heat, but it dissipates.
It was a scroll of immolation.
You die...

#### ...###### #...
....## ###..####.#.##
# #..........#.#####
#.##.#..# #.........
#...)...####..#######
####@#.......## #
#..######### #
#.##### #######
#.#.._#######......
#.'...##......##...
###.._##......##...
######.........#. #.#
#......##.## ###.#
#...........


There were no monsters in sight!

Vanquished Creatures
  A crimson imp (D:3)
  Jessica (D:3)
  2 adders (D:3)
  A worm (D:2)
  A dart slug (D:1)
  5 orcs (D:3)
  4 endoplasms
  6 goblins
  8 hobgoblins
  3 quokkas
  7 ball pythons
  7 bats
  4 frilled lizards
  6 kobolds
  4 rats (D:1)
60 creatures vanquished.

Notes
Turn   | Place    | Note
-------+----------+-------------------------------------------
     0 | D:1      | gzilladon the Hill Orc Fighter began the quest for the Orb.
     0 | D:1      | Reached XP level 1. HP: 19/19 MP: 1/1
   194 | D:1      | Reached XP level 2. HP: 27/27 MP: 2/2
   444 | D:1      | Reached XP level 3. HP: 25/33 MP: 3/3
   806 | D:2      | Found a shimmering blue altar of Sif Muna.
   860 | D:2      | Gained mutation: You have a pair of small horns on your
                  | head. [potion of mutation]
   860 | D:2      | Gained mutation: You are agile. (Dex +2) [potion of
                  | mutation]
   860 | D:2      | Gained mutation: Your spells are a little harder to cast,
                  | but a little more powerful. [potion of mutation]
  1413 | D:3      | Reached XP level 4. HP: 40/40 MP: 4/4
  1428 | D:3      | Noticed Jessica
  1435 | D:3      | Killed Jessica
  1831 | D:3      | Found a shimmering altar of Xom.
  1831 | D:3      | Found a burning altar of Makhleb.
  1855 | D:3      | Reached XP level 5. HP: 4/47 MP: 5/5
  1857 | D:3      | HP: 2/47 [poisoned by a crimson imp]
  1859 | D:3      | Succumbed to a crimson imp's poison

Illustrated notes

Levels and vault maps discovered:
D:1:      matt_arrival_spirals, layout_basic, serial_glass, glass_columns_a,
          glass_columns_a, minmay_tromino_i4
D:2:      layout_loops_cross, basic_altar, chequers_ecumenical_altar_twisty,
          kennysheep_generic_room_10
D:3:      layout_loops_cross, grunt_temple_overflow_champion_of_chaos,
          uniq_jessica

Skill      XL: |  1  2  3  4 |
---------------+-------------+-----
Axes           | 3 4 |  4.8
Fighting       | 4 |  4.3
Armour         | 4 |  4.3
Dodging        | |  0.6
Stealth        | |  0.1
Shields        | |  3.8

Action                   |  1- 3 |  4- 6 || total
-------------------------+-------+-------++-------
Melee: War axe           |   119 |    42 ||   161
       Headbutt          |     4 |     6 ||    10
  Use: Potion            |     2 |     1 ||     3
       Scroll            |       |     3 ||     3
Armor: Scale mail        |    80 |    14 ||    94
Dodge: Dodged            |    86 |    21 ||   107
Block: Buckler           |    36 |    10 ||    46

Table legend: (Time is in decaauts)
 A = Elapsed time spent in this place.
 B = Non-inter-level travel time spent in this place.
 C = Inter-level travel time spent in this place.
 D = Time resting spent in this place.
 E = Time spent auto-exploring this place.
 F = Levels seen in this place.
 G = Mean time per level.
                   A        B        C        D        E       F      G
               +--------+--------+--------+--------+--------+-----+--------+
         Total |   1919 |   1862 |     57 |    325 |      0 |   3 |  639.7 |
       Dungeon |   1919 |   1862 |     57 |    325 |      0 |   3 |  639.7 |
               +--------+--------+--------+--------+--------+-----+--------+

Top non-repeatable levels by time:
     D:1: 818 daAuts
     D:2: 718 daAuts
     D:3: 383 daAuts
